 Dungeon Crawl Stone Soup version 0.30-a0-34-gbe8da3892a (webtiles) character file.

Game seed: 9417740794639720958

504 timneilson the Shield-Bearer (level 7, -1/43 HPs)
             Began as a Gargoyle Fighter on Aug 27, 2022.
             Slain by a gnoll
             ... wielding a +0 flail
              (6 damage)
             ... on level 4 of the Dungeon.
             The game lasted 00:05:37 (3364 turns).

timneilson the Shield-Bearer (Gargoyle Fighter)     Turns: 3364, Time: 00:05:38

Health: -1/43      AC: 14    Str: 21    XL:     7   Next: 17%
Magic:  0/7        EV:  8    Int:  9    God:
Gold:   117        SH:  5    Dex:  9    Spells: 6/6 levels left

rFire   . . .      SeeInvis .    a - +0 long sword
rCold   + . .      Faith    .    c - +1 buckler
rNeg    + . .      Spirit   +    p - +0 chain mail {rC+}
rPois   ∞          Reflect  .    (no helmet)
rElec   +          Harm     .    (no cloak)
rCorr   .          Rampage  .    (no gloves)
Will    +....                    (no boots)
Stlth   ..........               n - amulet of guardian spirit
HPRegen 0.14/turn                h - ring of willpower
MPRegen 0.10/turn                (no ring)

@: hasted (expiring), very quick
A: sickness immunity, AC +4, negative energy resistance 1, electricity
resistance, torment resistance 1, petrification resistance
a: no special abilities


You were on level 4 of the Dungeon.
You visited 1 branch of the dungeon, and saw 4 of its levels.

You collected 117 gold pieces.

Inventory:

Hand Weapons
 a - a +0 long sword (weapon)
Armour
 c - a +1 buckler (worn)
 m - a +0 plate armour
 p - a +0 chain mail of cold resistance (worn)
Jewellery
 h - a ring of willpower (left hand)
 k - an amulet of regeneration
 n - an amulet of guardian spirit (around neck)
Wands
 d - a wand of flame (20)
 q - a wand of polymorph (8)
Scrolls
 b - a scroll of magic mapping
 r - a scroll of silence {unknown}
 s - a scroll of acquirement {unknown}
Potions
 e - a potion of flight {unknown}
 f - a potion of invisibility
 g - a potion of haste
 i - a potion of heal wounds
 j - a potion of curing
 l - a potion of lignification
 o - a potion of ambrosia


   Skills:
 + Level 4.2 Fighting
 * Level 3.6 Long Blades
 * Level 5.1 Armour
 + Level 1.7 Dodging
 * Level 5.2 Shields
 + Level 1.0 Evocations


You had 6 spell levels left.
You didn't know any spells.
Your spell library was empty.

Dungeon Overview and Level Annotations

Branches:
Dungeon (4/15)
 Temple: D:4-7

Altars:
Cheibriados
Gozag
Nemelex Xobeh


Innate Abilities, Weirdness & Mutations

You are immune to sickness and miasma.
Your stone body is resilient. (AC +4)
You are immune to poison.
You resist negative energy. (rN+)
You are resistant to electric shocks. (rElec)
You are resistant to unholy torment.
You are immune to petrification.


Message History

You struggle against the net.
You tear a large gash into the net.
You shred the net and break free! You hit the gnoll.
The gnoll is heavily wounded.
The gnoll hits you but does no damage.
You closely miss the gnoll.
The gnoll is heavily wounded.
The gnoll closely misses you.
You hit the gnoll.
The gnoll is severely wounded.
The gnoll barely misses you.
You hit the gnoll.
The gnoll is almost dead.
You block the gnoll's attack.
You hit the gnoll.
You kill the gnoll!
A gnoll comes into view. It is wielding a +0 flail.
Your Evocations skill increases to level 1!
The gnoll shouts!
You hear a shout! x2
Things that are here:
a +0 club; a throwing net; a gnoll corpse A gnoll comes into view.
It is wielding a +0 flail.
The gnoll shouts!
The gnoll barely misses you.
You hit the gnoll but do no damage. The gnoll hits you but does no damage.
You hit the gnoll but do no damage.
A gnoll comes into view. It is wielding a +0 whip.
The gnoll hits you with a +0 flail!
* * * LOW HITPOINT WARNING * * *
The gnoll hits you but does no damage.
You barely miss the gnoll. You closely miss the gnoll.
The gnoll hits you but does no damage. The gnoll hits you with a +0 flail!
* * * LOW HITPOINT WARNING * * *
You slash the gnoll!
The gnoll is severely wounded.
Your extra speed is starting to run out.
You block the gnoll's attack. The gnoll hits you with a +0 flail!
You die...

#######......#############
........†.................
##...........####......#
#...........# #......#
######......# #..)...#
######## #......# #.)....#
#####.###### #.gg@g#
#.##### # # .# .###


You could see 3 gnolls.

Vanquished Creatures
  Sigmund (D:4)
  An ogre (D:4)
  A phantom (D:3)
  Terence (D:2)
  Ijyb (D:3)
  5 adders
  A gnoll (D:4)
  5 worms
  3 dart slugs (D:1)
  10 orcs
  2 endoplasms (D:1)
  2 giant cockroaches (D:2)
  3 goblins
  3 hobgoblins
  7 kobolds
  4 quokkas
  3 ball pythons
  7 bats
  3 frilled lizards
  3 rats
66 creatures vanquished.

Vanquished Creatures (others)
  A plant (D:2)
1 creature vanquished.

Grand Total: 67 creatures vanquished

Notes
Turn   | Place    | Note
-------+----------+-------------------------------------------
     0 | D:1      | timneilson the Gargoyle Fighter began the quest for the
                  | Orb.
     0 | D:1      | Reached XP level 1. HP: 14/14 MP: 1/1
   209 | D:1      | Reached XP level 2. HP: 19/19 MP: 2/2
   937 | D:2      | Reached XP level 3. HP: 15/23 MP: 3/3
  1111 | D:2      | Found a snail-covered altar of Cheibriados.
  1278 | D:2      | Noticed Terence
  1298 | D:2      | Killed Terence
  1299 | D:2      | Reached XP level 4. HP: 12/28 MP: 4/4
  2026 | D:2      | Found a faded altar of an unknown god.
  2332 | D:3      | Found a sparkling altar of Nemelex Xobeh.
  2332 | D:3      | Found an opulent altar of Gozag.
  2573 | D:3      | Reached XP level 5. HP: 28/33 MP: 5/5
  2659 | D:3      | Noticed a phantom
  2675 | D:3      | Killed a phantom
  2676 | D:3      | Reached skill level 1 in Dodging
  2731 | D:3      | Noticed Ijyb
  2775 | D:3      | Killed Ijyb
  3118 | D:4      | Reached XP level 6. HP: 38/38 MP: 4/6
  3215 | D:4      | Noticed Sigmund
  3227 | D:4      | Killed Sigmund
  3228 | D:4      | Reached skill level 5 in Shields
  3328 | D:4      | Reached skill level 5 in Armour
  3328 | D:4      | Reached XP level 7. HP: 14/43 MP: 2/7
  3357 | D:4      | Reached skill level 1 in Evocations
  3364 | D:4      | Slain by a gnoll

Illustrated notes

Levels and vault maps discovered:
D:1:      dpeg_arrival_radiant, layout_loops_cross, kennysheep_boxes
D:2:      layout_basic, chequers_ecumenical_altar_lobes, basic_altar,
          uniq_terence
D:3:      layout_basic, grunt_temple_overflow_opulence, uniq_ijyb
D:4:      layout_basic, serial_shops, shop_statue, nicolae_alphabet_shops,
          minmay_quantized, uniq_sigmund

Skill      XL: |  1  2  3  4  5  6  7 |
---------------+----------------------+-----
Long Blades    | 2 3 |  3.6
Armour         | 4 5 |  5.1
Shields        | 4 5 |  5.2
Dodging        | 1 |  1.7
Fighting       | 4 |  4.2
Evocations     | 1 |  1.0

Action                   |  1- 3 |  4- 6 |  7- 9 || total
-------------------------+-------+-------+-------++-------
Melee: Long sword        |    85 |   205 |    10 ||   300
  Use: Scroll            |     3 |     8 |       ||    11
       Potion            |       |     3 |       ||     3
Armor: Scale mail        |    38 |       |       ||    38
       Chain mail        |       |   149 |     4 ||   153
       Skin              |       |     1 |       ||     1
Dodge: Dodged            |    35 |    94 |     3 ||   132
Block: Buckler           |    19 |    60 |     2 ||    81

Table legend: (Time is in decaauts)
 A = Elapsed time spent in this place.
 B = Non-inter-level travel time spent in this place.
 C = Inter-level travel time spent in this place.
 D = Time resting spent in this place.
 E = Time spent auto-exploring this place.
 F = Levels seen in this place.
 G = Mean time per level.
                   A        B        C        D        E       F      G
               +--------+--------+--------+--------+--------+-----+--------+
         Total |   3438 |   3399 |     39 |      0 |   2637 |   4 |  859.5 |
       Dungeon |   3438 |   3399 |     39 |      0 |   2637 |   4 |  859.5 |
               +--------+--------+--------+--------+--------+-----+--------+

Top non-repeatable levels by time:
     D:2: 1189 daAuts
     D:3: 1043 daAuts
     D:1: 923 daAuts
     D:4: 281 daAuts
